 Dungeon Crawl Stone Soup version 0.32-a0-42-ga30500b4d3 (webtiles) character file.

Game seed: 922275783204592610

4643 Newt the Fighter (level 10, 0/83 HPs)
             Began as a Demonspawn Gladiator on Feb 2, 2024.
             Was a Believer of Okawaru.
             Constricted to death by Erica (3 damage)
             ... on level 8 of the Dungeon.
             The game lasted 00:10:15 (7661 turns).

Newt the Fighter (Demonspawn Gladiator)             Turns: 7661, Time: 00:10:16

Health: 0/83       AC: 15    Str: 18    XL:     10   Next: 20%
Magic:  10/10      EV: 12    Int:  6    God:    Okawaru [**....]
Gold:   393        SH:  0    Dex: 21    Spells: 6/9 levels left

rFire   + . .        G - +2 whip (elec)
rCold   + . .        (no shield)
rNeg    . . .        R - +1 ring mail of Valiance {Rampage rC+ rCorr Int-3}
rPois   .            c - +0 helmet
rElec   .            M - +0 cloak
rCorr   +            (no gloves)
SInv    .            A - +2 pair of boots
Will    .....        H - amulet of faith
Stlth   +            L - +4 ring of slaying
HPRegen 0.33/turn    F - +6 ring of dexterity
MPRegen 0.24/turn

%: rampage, faith
@: lethally poisoned (0 -> -30), constricted
A: molten scales 3, magic regeneration, demonic touch 2
a: Renounce Religion, Heroism


You were on level 8 of the Dungeon.
You worshipped Okawaru.
Okawaru was pleased with you.
You visited 2 branches of the dungeon, and saw 10 of its levels.

You collected 500 gold pieces.
You spent 107 gold pieces at shops.

Inventory:

Hand Weapons
 a - a +0 rapier of protection
 t - a +2 hand axe of venom
 C - a -2 demon whip
 G - a +2 whip of electrocution (weapon)
Missiles
 d - 3 throwing nets
 e - a javelin
 j - 71 stones (quivered)
 P - 10 poisoned darts
Armour
 b - a +0 leather armour
 c - a +0 helmet (worn)
 h - a +0 leather armour of cold resistance
 A - a +2 pair of boots (worn)
 J - the +3 warlock's mirror {omnireflect}
   (You found it on level 6 of the Dungeon)

   Omnireflect: It can block and reflect piercing ranged attacks and magical
   attacks against the wielder's willpower.
 M - a +0 cloak (worn)
 Q - +0 steam dragon scales
 R - the +1 ring mail of Valiance (worn) {Rampage rC+ rCorr Int-3}
   (You found it on level 8 of the Dungeon)

   Int-3:     It affects your intelligence (-3).
   rC+:       It protects you from cold.
   rCorr:     It protects you from acid and corrosion.
   Rampage:   It bestows one free step when moving towards enemies.
Jewellery
 s - a ring of poison resistance
 F - a +6 ring of dexterity (right hand)
 H - an amulet of faith (around neck)
 L - a +4 ring of slaying (left hand)
Wands
 l - a wand of light (2)
 E - a wand of flame (39)
 I - a wand of roots (8)
 K - a wand of polymorph (8)
 O - a wand of paralysis (4)
Scrolls
 g - 7 scrolls of teleportation
 k - a scroll of enchant armour
 p - 2 scrolls of poison
 q - a scroll of brand weapon
 u - 2 scrolls of amnesia
 v - 2 scrolls of fog
 x - 2 scrolls of blinking
 y - a scroll of noise
 z - a scroll of summoning
 B - a scroll of immolation
Potions
 f - 2 potions of curing
 i - a potion of heal wounds
 m - 2 potions of cancellation
 n - 3 potions of haste {unknown}
 o - 2 potions of lignification {unknown}
 r - 2 potions of brilliance {unknown}
 w - a potion of ambrosia {unknown}
 D - 3 potions of might {unknown}
 N - a potion of mutation {unknown}


   Skills:
 + Level 9.0 Fighting
 - Level 2.6 Short Blades
 - Level 1.6(4.5) Axes
 - Level 6.7(6.8) Maces & Flails
 * Level 5.6 Throwing
 - Level 6.3 Dodging
 - Level 3.1 Earth Magic


You had 6 spell levels left.
You knew the following spells:

 Your Spells              Type           Power      Damage    Failure   Level
a - Passwall              Erth           3%         N/A       58%         3

Your spell library contained the following spells:

 Spells                   Type           Power      Damage    Failure   Level
 Sandblast                Erth           6%         2d5       26%         1
 Apportation              Tloc           0%         N/A       65%         1
 Necrotise                Necr           0%         1d4       65%         1
 Sting                    Conj/Alch      0%         1d3       65%         1
 Stone Arrow              Conj/Erth      2%         3d7       82%         3
 Brom's Barrelling Bould  Conj/Erth      1%         2d3       99%         4
 Summon Small Mammal      Summ           Unusable   N/A       N/A         1
 Summon Ice Beast         Ice/Summ       Unusable   N/A       N/A         3
 Summon Mana Viper        Hex/Summ       Unusable   N/A       N/A         5
 Monstrous Menagerie      Summ           Unusable   N/A       N/A         7

Dungeon Overview and Level Annotations

Branches:
Dungeon (9/15)             Temple (1/1) D:7
   Lair: D:8-11         Orc: D:9-12

Altars:
Ashenzari
Cheibriados
Dithmenos
Fedhas
Gozag
Hepliaklqana
Kikubaaqudgha
Makhleb
Nemelex Xobeh
Okawaru
Qazlal
Ru
Sif Muna
Trog
Uskayaw
Vehumet
Xom
Yredelemnul

Shops:
D:4 *   D:7 *

Annotations:
D:8 Erica, Grum


Innate Abilities, Weirdness & Mutations

You are completely covered in molten scales. (AC +4, rF+)
You regenerate magic rapidly.
Your touch may inflict irresistible damage on your foes.


Message History

You feel very sick. Something hits you! Something burns you.
Something grabs you.
You are constricted.
Aiming: Bolt of Light
Press: ? - help, Shift-Dir - straight line You feel very sick.
Something hits you! Something burns you.
You are constricted.
Unknown command.
Unknown command.
Aiming: Bolt of Light
Press: ? - help, Shift-Dir - straight line The bolt of light hits something!
You feel very sick.
You hear some strange, mumbled words.
A bolt of poison appears from out of thin air!
The bolt of poison misses you.
You are constricted.
Aiming: Bolt of Light
Press: ? - help, Shift-Dir - straight line You feel very sick.
Something hits you!
* * * LOW HITPOINT WARNING * * *
Something burns you.
* * * LOW HITPOINT WARNING * * *
You are constricted.
Unknown command.
You feel much better.
You feel sick. Something hits you.
* * * LOW HITPOINT WARNING * * *
You are constricted.
Unknown command.
Aiming: Bolt of Light
Press: ? - help, Shift-Dir - straight line The bolt of light hits something!
You feel sick.
You hear some strange, mumbled words.
A bolt of poison appears from out of thin air!
The bolt of poison hits you!!
You are lethally poisoned!
* * * LOW HITPOINT WARNING * * *
You are constricted.
You die...

**#....##..........####.
*.................###..
*#.................#...
**#**#........##.......#..
*,..##........###........#
***,.............##......#..
*,,,,#.....##.>.###.....##..
***,*#....{#..)).#.....#####
*,,,#.....@.##)##.....## #
*,,....#...............# #
*,,.,,,#..............##
***,,,,#...............####
*,,,,.............<..###..
**,,,,.................#..#
*,,,,....$.............#,*#
**,,,....................,**
****,,,,,,,,......$.........,,*


There were no monsters in sight!

Vanquished Creatures
  Pikel (D:5)
  Psyche (D:8)
  3 wyverns
  Eustachio (D:5)
  A naga (D:8)
  Menkaure (D:7)
  3 water moccasins
  Duvessa (D:5)
  3 orc warriors
  An ice beast (D:6)
  4 wolves (D:8)
  3 sky beasts
  3 ogres
  A kobold brigand (D:9)
  A lemure (D:5)
  5 scorpions
  Dowan (D:5)
  4 killer bees (D:7)
  2 bombardier beetles
  2 jellies (D:7)
  4 hounds
  4 orc priests
  A sleepcap (D:4)
  6 orc wizards
  4 iguanas
  Natasha (thrice) (D:4)
  7 adders
  A shadow imp (D:5)
  2 ufetubi (D:6)
  2 ribbon worms
  6 dart slugs
  21 orcs
  9 ball pythons
  4 endoplasms
  6 giant cockroaches
  2 goblins (D:2)
  15 hobgoblins
  2 jackals (D:1)
  8 kobolds
  3 quokkas
  A bat (D:3)
  6 frilled lizards
  9 rats
168 creatures vanquished.

Notes
Turn   | Place    | Note
-------+----------+-------------------------------------------
     0 | D:1      | Newt the Demonspawn Gladiator began the quest for the Orb.
     0 | D:1      | Reached XP level 1. HP: 16/16 MP: 1/1
   102 | D:1      | Gained mutation: Your touch may inflict minor irresistible
                  | damage on your foes. [demonic ancestry]
   102 | D:1      | Reached XP level 2. HP: 20/22 MP: 2/2
   357 | D:1      | Gained mutation: You regenerate magic rapidly. [demonic
                  | ancestry]
   357 | D:1      | Reached XP level 3. HP: 28/28 MP: 3/3
  1071 | D:2      | Reached skill level 3 in Fighting
  1119 | D:2      | Gained mutation: You are partially covered in molten
                  | scales. (AC +2) [demonic ancestry]
  1119 | D:2      | Reached XP level 4. HP: 35/35 MP: 4/4
  1593 | D:3      | Reached skill level 1 in Axes
  2515 | D:4      | Found Xaklah's Lightly-Used Armoury.
  2521 | D:4      | Bought a -2 demon whip for 65 gold pieces
  2572 | D:4      | Noticed a scorpion
  2577 | D:4      | Killed a scorpion
  2578 | D:4      | Reached skill level 1 in Maces & Flails
  2578 | D:4      | Gained mutation: You are mostly covered in molten scales.
                  | (AC +3) [demonic ancestry]
  2578 | D:4      | Reached XP level 5. HP: 35/42 MP: 5/5
  2676 | D:4      | Noticed Natasha
  2680 | D:4      | Killed Natasha
  2681 | D:4      | Reached skill level 4 in Fighting
  2681 | D:4      | Reached XP level 6. HP: 41/48 MP: 6/6
  2736 | D:4      | Noticed Natasha
  2743 | D:4      | Killed Natasha
  2831 | D:4      | Noticed Natasha
  2838 | D:4      | Killed Natasha
  2874 | D:4      | You fall into a shaft and drop 1 floor!
  2874 | D:5      | Entered Level 5 of the Dungeon
  3036 | D:4      | Found a stormy altar of Qazlal.
  3036 | D:4      | Found a sparkling altar of Nemelex Xobeh.
  3037 | D:4      | Found a radiant altar of Vehumet.
  3052 | D:4      | Found a shimmering blue altar of Sif Muna.
  3149 | D:5      | Gained mutation: Your touch may inflict irresistible damage
                  | on your foes. [demonic ancestry]
  3149 | D:5      | Reached XP level 7. HP: 55/55 MP: 7/7
  3155 | D:5      | Found a broken altar of Ashenzari.
  3267 | D:5      | Noticed Eustachio
  3279 | D:5      | Killed Eustachio
  3280 | D:5      | Reached skill level 5 in Fighting
  3390 | D:5      | Noticed Pikel
  3403 | D:5      | Killed Pikel
  3404 | D:5      | Gained mutation: You are completely covered in molten
                  | scales. (AC +4, rF+) [demonic ancestry]
  3404 | D:5      | Reached XP level 8. HP: 40/64 MP: 8/8
  3500 | D:5      | Noticed Duvessa
  3500 | D:5      | Noticed Dowan
  3525 | D:5      | Killed Duvessa
  3526 | D:5      | Reached skill level 6 in Fighting
  3539 | D:5      | Killed Dowan
  4111 | D:5      | Learned a level 3 spell: Passwall
  4166 | D:6      | Found the +3 warlock's mirror {omnireflect}
  4329 | D:6      | Reached skill level 1 in Earth Magic
  4623 | D:6      | Reached skill level 7 in Fighting
  4831 | D:6      | Reached XP level 9. HP: 72/72 MP: 9/9
  5502 | D:7      | Found Sigout's Assorted Antiques.
  5513 | D:7      | Bought a scroll of identify for 42 gold pieces
  5546 | D:7      | Noticed Maggie
  5559 | D:7      | Maggie changed into Maggie the naga
  5559 | D:7      | Noticed Maggie
  5751 | D:8      | Killed Maggie the naga
  5755 | D:8      | Reached skill level 5 in Dodging
  5755 | D:8      | Noticed Psyche
  6125 | D:7      | Reached skill level 8 in Fighting
  6304 | D:7      | Noticed Menkaure
  6329 | D:7      | Killed Menkaure
  6359 | D:7      | Found a staircase to the Ecumenical Temple.
  6382 | Temple   | Entered the Ecumenical Temple
  6391 | Temple   | Became a worshipper of Warmaster Okawaru
  6564 | D:8      | Killed Psyche
  6834 | D:8      | Noticed Grum
  6848 | D:8      | Reached * piety under Okawaru
  6859 | D:8      | Reached XP level 10. HP: 39/82 MP: 10/10
  7275 | D:8      | Identified the +1 ring mail of Valiance {Rampage rC+ rCorr
                  | Int-3}
  7280 | D:8      | Noticed Erica
  7290 | D:9      | Reached skill level 5 in Throwing
  7303 | D:9      | Reached ** piety under Okawaru
  7304 | D:9      | Reached skill level 9 in Fighting
  7661 | D:8      | HP: 3/83 [something/bolt of poison (19)]
  7661 | D:8      | Constricted to death by Erica

Illustrated notes

Levels and vault maps discovered:
D:1:      grunt_arrival_crossed_arrows, layout_loops_ring,
          hangedman_decor_riveting
D:2:      wad_river_or_something, layout_rooms
D:3:      layout_basic, serial_glass, glass_columns_a, glass_columns_a,
          due_unseen_surprise, minmay_strange_pillars, minmay_strange_pillars,
          chequers_serial_rivers_room_a
D:4:      minmay_recursive_quarters, layout_basic,
          nicolae_overflow_quartered_altars, minmay_shop_damaged, uniq_natasha
D:5:      layout_basic, mainiacjoe_overflow_alcove_1, grunt_decor_clamped,
          uniq_pikel, uniq_eustachio, uniq_duvessa
D:6:      layout_gridville
D:7:      layout_basic, minmay_temple_entry_hall, nicolae_stop_n_shop_1,
          uniq_maggie, uniq_menkaure
D:8:      layout_cave_pools, serial_column_ruins, column_ruins_grid_5,
          column_ruins_open_small, column_ruins_columns_straight,
          column_ruins_grid_1, column_ruins_grid_1, column_ruins_open_tiny,
          enter_bailey_2, uniq_psyche, uniq_erica, uniq_grum
D:9:      layout_stronghold, pdpol_wu_jian_five_deadly_venoms,
          dpeg_lair_monsters, erik_orc_4
Temple:   nicolae_temple_superstar

Skill      XL: |  1  2  3  4  5  6  7  8  9 10 |
---------------+-------------------------------+-----
Throwing       | 2 3 4 5 |  5.6
Fighting       | 3 4 5 7 8 9 |  9.0
Axes           | 1 |  1.6
Maces & Flails | 1 2 4 6 |  6.7
Earth Magic    | 3 |  3.1
Dodging        | 3 6 |  6.3
Short Blades   | |  2.6

Action                     |  1- 3 |  4- 6 |  7- 9 | 10-12 || total
---------------------------+-------+-------+-------+-------++-------
  Melee: Rapier            |   121 |       |       |       ||   121
         Touch             |    15 |    24 |    51 |    11 ||   101
         Hand axe          |     2 |    92 |    20 |       ||   114
         Punch             |     1 |       |     2 |       ||     3
         Whip              |       |       |   196 |    49 ||   245
  Throw: Stone             |    12 |     2 |       |       ||    14
         Throwing net      |       |       |     1 |       ||     1
   Cast: Passwall          |       |       |     2 |       ||     2
  Evoke: Wand              |       |       |     1 |     6 ||     7
    Use: Scroll            |     3 |     5 |     5 |       ||    13
         Potion            |       |     1 |     1 |     2 ||     4
   Stab: Sleeping          |     2 |     3 |     1 |       ||     6
         Held in net/web   |       |       |     1 |       ||     1
 Armour: Leather armour    |    57 |    52 |    92 |       ||   201
         Steam dragon scal |       |       |    40 |    25 ||    65
         Ring mail         |       |       |       |     7 ||     7
  Dodge: Dodged            |    82 |    62 |   133 |    34 ||   311

Table legend: (Time is in decaauts)
 A = Elapsed time spent in this place.
 B = Non-inter-level travel time spent in this place.
 C = Inter-level travel time spent in this place.
 D = Time resting spent in this place.
 E = Time spent auto-exploring this place.
 F = Levels seen in this place.
 G = Mean time per level.
                   A        B        C        D        E       F      G
               +--------+--------+--------+--------+--------+-----+--------+
         Total |   7634 |   7223 |    411 |    922 |   5118 |  10 |  763.4 |
       Dungeon |   7616 |   7223 |    393 |    922 |   5118 |   9 |  846.2 |
        Temple |     18 |      1 |     17 |      0 |      0 |   1 |   18.0 |
               +--------+--------+--------+--------+--------+-----+--------+

Top non-repeatable levels by time:
     D:5: 1183 daAuts
     D:6: 1119 daAuts
     D:8: 1087 daAuts
     D:3: 936 daAuts
     D:4: 807 daAuts
     D:1: 803 daAuts
     D:7: 703 daAuts
     D:2: 657 daAuts
     D:9: 317 daAuts
  Temple: 18 daAuts
